General information
			 
			
        
        - name: BNet
- type: Ladder team game (AT/RT)
- host: Battle.net
- saver: miguelitito
 map: CentaurGrove
- players: 4
- length: 18:43
- speed: Fast
- version: 1.26 W3XP
- replay type:  Public
 » download(90 KB)
Players
        team 1 (winner) 
              
               Denius
Denius (
blue | 49 APM | 920 actions | 18:43)
              
 7 Mountain King
 7 Mountain King  3
 3 Storm Bolt
 3
 3 Bash
 1
 1 Avatar
                | Assign group hotkey | 3 |  | 
| Basic commands | 24 |  | 
| Build / train | 63 |  | 
| ESC pressed | 5 |  | 
| Enter build submenu | 17 |  | 
| Enter hero's abilities submenu | 7 |  | 
| Give item / drop item | 3 |  | 
| Right click | 434 |  | 
| Select / deselect | 183 |  | 
| Select group hotkey | 114 |  | 
| Use ability | 67 |  | 
                920 total
 » units 
                » upgrades
                
                | Masonry | 1 |  | 
| Lumber Harvesting | 1 |  | 
| Swords | 1 |  | 
| Plating | 3 |  | 
| Animal War Training | 1 |  | 
                7 total
 » buildings
                
                | Altar of Kings | 1 |  | 
| Farm | 10 |  | 
| Barracks | 2 |  | 
| Scout Tower | 3 |  | 
| Arcane Tower | 1 |  | 
| Keep | 1 |  | 
| Arcane Vault | 1 |  | 
| Lumber Mill | 1 |  | 
| Blacksmith | 1 |  | 
| Castle | 1 |  | 
| Guard Tower | 2 |  | 
                24 total
 » build order
                00:11 Altar of Kings
00:23 Farm
00:49 Barracks
01:22 Farm
01:53 Scout Tower
02:09 Farm
02:22 Arcane Tower
03:27 Keep
04:09 Arcane Vault
04:14 Farm
04:45 Lumber Mill
04:54 Blacksmith
05:26 Scout Tower
05:32 Farm
05:33 Farm
05:55 Castle
06:08 Guard Tower
06:37 Farm
06:38 Farm
07:11 Scout Tower
07:15 Farm
07:27 Barracks
08:02 Guard Tower
16:19 Farm
» items
                
                | Boots of Speed | 1 |  | 
| Dust of Appearance | 1 |  | 
| Scroll of Regeneration | 4 |  | 
| Lesser Clarity Potion | 3 |  | 
| Potion of Healing | 2 |  | 
| Scroll of Town Portal | 1 |  | 
| Staff of Sanctuary | 1 |  | 
                13 total
  
              
               poutine
poutine (
yellow | 73 APM | 1375 actions | 18:43)
              
 4 Blood Mage
 4 Blood Mage  2
 2 Flame Strike
 2
 2 Siphon Mana
 3 Archmage
 3 Archmage  1
 1 Blizzard
 2
 2 Brilliance Aura
                | Assign group hotkey | 19 |  | 
| Basic commands | 30 |  | 
| Build / train | 48 |  | 
| Enter build submenu | 20 |  | 
| Enter hero's abilities submenu | 7 |  | 
| Give item / drop item | 2 |  | 
| Right click | 506 |  | 
| Select / deselect | 224 |  | 
| Select group hotkey | 450 |  | 
| Use ability | 69 |  | 
                1375 total
 » units 
                
                | Peasant | 8 |  | 
| Spell Breaker | 7 |  | 
| Sorceress | 3 |  | 
                18 total
 » upgrades
                
                | Masonry | 2 |  | 
| Swords | 2 |  | 
| Sorceress Training | 1 |  | 
| Plating | 1 |  | 
                6 total
 » buildings
                
                | Farm | 9 |  | 
| Altar of Kings | 1 |  | 
| Scout Tower | 5 |  | 
| Lumber Mill | 1 |  | 
| Arcane Tower | 1 |  | 
| Arcane Vault | 1 |  | 
| Guard Tower | 3 |  | 
| Keep | 1 |  | 
| Blacksmith | 1 |  | 
| Arcane Sanctum | 2 |  | 
| Workshop | 1 |  | 
                26 total
 » build order
                00:22 Farm
00:38 Altar of Kings
00:55 Scout Tower
01:03 Farm
01:12 Lumber Mill
01:45 Scout Tower
01:54 Arcane Tower
02:11 Scout Tower
02:28 Arcane Vault
02:46 Guard Tower
03:38 Keep
04:15 Farm
04:17 Scout Tower
04:20 Farm
05:05 Blacksmith
05:45 Guard Tower
07:03 Farm
07:09 Arcane Sanctum
07:13 Arcane Sanctum
07:52 Scout Tower
10:24 Guard Tower
11:23 Farm
11:25 Farm
11:27 Farm
13:13 Farm
13:54 Workshop
» items
                
                | Scroll of Regeneration | 3 |  | 
| Lesser Clarity Potion | 2 |  | 
| Mechanical Critter | 1 |  | 
| Potion of Healing | 4 |  | 
                10 total
  team 2 (loser) 
              
               kipelov(rus)
kipelov(rus) (
green | 139 APM | 2447 actions | 17:35)
              
 3 Archmage
 3 Archmage  2
 2 Summon Water Elemental
 1
 1 Brilliance Aura
 2 Mountain King
 2 Mountain King  1
 1 Storm Bolt
 1
 1 Thunder Clap
                | Assign group hotkey | 41 |  | 
| Basic commands | 197 |  | 
| Build / train | 50 |  | 
| ESC pressed | 2 |  | 
| Enter build submenu | 21 |  | 
| Enter hero's abilities submenu | 5 |  | 
| Give item / drop item | 1 |  | 
| Right click | 587 |  | 
| Select / deselect | 405 |  | 
| Select group hotkey | 1085 |  | 
| Use ability | 52 |  | 
                2447 total
 » units 
                
                | Peasant | 10 |  | 
| Footman | 5 |  | 
| Rifleman | 8 |  | 
| Spell Breaker | 2 |  | 
| Sorceress | 4 |  | 
| Priest | 1 |  | 
                30 total
 » upgrades
                » buildings
                
                | Altar of Kings | 1 |  | 
| Farm | 9 |  | 
| Barracks | 1 |  | 
| Lumber Mill | 1 |  | 
| Scout Tower | 3 |  | 
| Arcane Vault | 1 |  | 
| Arcane Tower | 1 |  | 
| Keep | 1 |  | 
| Blacksmith | 1 |  | 
| Arcane Sanctum | 2 |  | 
| Castle | 1 |  | 
| Town Hall | 1 |  | 
| Guard Tower | 1 |  | 
| Gryphon Aviary | 1 |  | 
                25 total
 » build order
                00:12 Altar of Kings
00:23 Farm
00:39 Barracks
01:24 Farm
01:37 Lumber Mill
02:13 Scout Tower
02:31 Arcane Vault
02:58 Farm
03:40 Arcane Tower
03:43 Farm
04:14 Keep
04:18 Blacksmith
04:43 Farm
05:14 Farm
06:45 Arcane Sanctum
06:46 Arcane Sanctum
07:11 Farm
07:19 Farm
10:42 Castle
11:23 Farm
12:55 Town Hall
12:59 Scout Tower
12:59 Scout Tower
14:21 Guard Tower
16:36 Gryphon Aviary
» items
                
                | Scroll of Regeneration | 5 |  | 
| Lesser Clarity Potion | 2 |  | 
| Potion of Healing | 1 |  | 
                8 total
  
              
               miguelitito
miguelitito (
purple | 70 APM | 1302 actions | 18:43)
              
 2 Blademaster
 2 Blademaster  1
 1 Wind Walk
 1
 1 Critical Strike
                | Assign group hotkey | 13 |  | 
| Build / train | 53 |  | 
| Enter build submenu | 32 |  | 
| Enter hero's abilities submenu | 2 |  | 
| Give item / drop item | 4 |  | 
| Right click | 895 |  | 
| Select / deselect | 195 |  | 
| Select group hotkey | 21 |  | 
| Use ability | 87 |  | 
                1302 total
 » units 
                
                | Peon | 17 |  | 
| Raider | 4 |  | 
| Demolisher | 3 |  | 
| Spirit Walker | 2 |  | 
| Wind Rider | 3 |  | 
                29 total
 » upgrades
                
                | Ensnare | 1 |  | 
| Spiked Barricades | 1 |  | 
| Spirit Walker Training | 1 |  | 
                3 total
 » buildings
                
                | Altar of Storms | 1 |  | 
| Orc Burrow | 4 |  | 
| War Mill | 1 |  | 
| Voodoo Lounge | 2 |  | 
| Watch Tower | 17 |  | 
| Stronghold | 1 |  | 
| Beastiary | 2 |  | 
| Barracks | 1 |  | 
| Spirit Lodge | 1 |  | 
| Gryphon Aviary | 1 |  | 
                31 total
 » build order
                00:11 Altar of Storms
00:12 Orc Burrow
01:06 War Mill
01:40 Voodoo Lounge
02:23 Watch Tower
02:41 Watch Tower
03:11 Watch Tower
04:14 Orc Burrow
04:19 Watch Tower
05:29 Stronghold
06:35 Voodoo Lounge
06:42 Watch Tower
06:50 Watch Tower
07:15 Watch Tower
07:49 Orc Burrow
07:55 Beastiary
10:14 Watch Tower
10:16 Watch Tower
10:37 Barracks
10:41 Orc Burrow
11:11 Watch Tower
11:16 Watch Tower
11:18 Watch Tower
11:54 Spirit Lodge
12:56 Watch Tower
12:58 Watch Tower
13:00 Watch Tower
16:13 Beastiary
16:27 Watch Tower
16:31 Watch Tower
18:37 Gryphon Aviary
» items
                
                | Healing Salve | 2 |  | 
| Lesser Clarity Potion | 3 |  | 
| Scroll of Speed | 2 |  | 
| Circlet of Nobility | 3 |  | 
| Boots of Speed | 1 |  | 
| Staff of Teleportation | 1 |  | 
| Potion of Healing | 3 |  | 
| Potion of Mana | 1 |  | 
| Potion of Lesser Invulnerability | 1 |  | 
                17 total
   Chat log
          (00:48 / Allies) miguelitito: you can go bloody wizard if you know manage him
(04:38 / All) miguelitito: that speed..
(04:46 / All) poutine: ^^
(04:54 / Allies) miguelitito: help me retard
(08:49 / Allies) miguelitito: wood
(10:39 / Allies) kipelov(rus): omg mann y noob??
(11:58 / Allies) kipelov(rus): moree army
(12:09 / Allies) miguelitito: relax XD
(15:24 / Allies) kipelov(rus): fqacking idiot
(15:47 / Allies) kipelov(rus): ibiot
(15:52 / Allies) kipelov(rus): fakinf
(16:19 / Allies) miguelitito: air
(16:26 / Allies) kipelov(rus): \SUKA